 Dungeon Crawl Stone Soup version 0.21.1-1-g345015f (webtiles) character file.

30 HammerPanzer the Cudgeler (level 3, 0/33 HPs)
             Began as a Minotaur Berserker on Mar 31, 2018.
             Was a Follower of Trog.
             Slain by Crazy Yiuf
             ... wielding a +2 quarterstaff of chaos
              (9 damage)
             ... on level 2 of the Dungeon.
             The game lasted 00:02:13 (899 turns).

HammerPanzer the Cudgeler (Minotaur Berserker)       Turns: 899, Time: 00:02:14

Health: 0/33       AC:  3    Str: 21    XL:     3   Next: 5%
Magic:  2/2        EV:  6    Int:  5    God:    Trog [*.....]
Gold:   62         SH:  0    Dex:  9    Spells: 2/2 levels left

rFire    . . .     SeeInvis .   a - +0 mace
rCold    . . .     Gourm    .   (no shield)
rNeg     . . .     Faith    .   f - +0 leather armour
rPois    .         Spirit   .   (helmet restricted)
rElec    .         Reflect  .   (no cloak)
rCorr    .         Harm     .   (no gloves)
MR       .....                  (no boots)
Stlth    +.........             (no amulet)
HPRegen  0.11/turn              (no ring)
MPRegen  0.08/turn              (no ring)

@: petrifying, very slow
A: retaliatory headbutt, horns 2
a: Berserk, Burn Spellbooks, Renounce Religion


You were on level 2 of the Dungeon.
You worshipped Trog.
Trog was aware of your devotion.
You were not hungry.

You visited 1 branch of the dungeon, and saw 2 of its levels.

You collected 62 gold pieces.

Inventory:

Hand Weapons
 a - a +0 mace (weapon)
Armour
 f - a +0 leather armour (worn)
Scrolls
 d - a scroll of fear {unknown}
 e - 5 scrolls of identify {unknown}
 h - a scroll of enchant armour {unknown}
 i - a scroll of amnesia {unknown}
 j - a scroll of teleportation {unknown}
 k - a scroll of immolation {unknown}
Potions
 b - a potion of berserk rage {unknown}
 g - a potion of haste {unknown}
 l - a potion of ambrosia {unknown}
 m - a potion of degeneration {unknown}
 n - a potion of brilliance {unknown}
 o - a potion of curing {unknown}
 p - a potion of agility {unknown}
 r - a potion of might {unknown}
Comestibles
 c - 3 rations
 q - 4 chunks of flesh


   Skills:
 + Level 4.1 Fighting
 * Level 4.7 Maces & Flails
 - Level 2.4 Armour
 - Level 2.1 Dodging


You had 2 spell levels left.
You didn't know any spells.

Dungeon Overview and Level Annotations

Branches:
Dungeon (2/15)

Altars:
Makhleb
Zin

Annotations:
D:2 Crazy Yiuf


Innate Abilities, Weirdness & Mutations

You reflexively headbutt those who attack you in melee.
You have a pair of horns on your head.


Message History

Crazy Yiuf hits you with a quarterstaff of chaos!
Crazy Yiuf burns you.
You hit Crazy Yiuf. You headbutt Crazy Yiuf.
Crazy Yiuf is heavily wounded.
Crazy Yiuf closely misses you.
You closely miss Crazy Yiuf.
Crazy Yiuf is heavily wounded.
Crazy Yiuf hits you with a quarterstaff of chaos.
You hit Crazy Yiuf but do no damage.
Crazy Yiuf is heavily wounded.
Crazy Yiuf closely misses you.
You hit Crazy Yiuf.
Crazy Yiuf is severely wounded.
Crazy Yiuf hits you with a quarterstaff of chaos.
* * * LOW HITPOINT WARNING * * *
You are slowing down.
You barely miss Crazy Yiuf.
Crazy Yiuf is severely wounded.
Crazy Yiuf hits you with a quarterstaff of chaos!
You die...

#.......#..
#.......#..
#....#.#..
#....#.#..
#####
#....#.#..
#..)# #...#.
#...#
##...##
#.g.#
#..+### #@#
###.....#
##.#
#2#_..._#
#.## ##
###.....#
##.#
#.######'###
#.##
...###...#
##.##
....#...#.
#.P.##
#.#.#..##.
#...P#
#.#.#.###.
#....#
###.........


You could see Crazy Yiuf.

Vanquished Creatures
  A worm (D:2)
  A dart slug (D:1)
  4 bats
  A giant cockroach (D:1)
  3 goblins
  4 hobgoblins
  2 jackals (D:1)
  3 kobolds
  A ball python (D:1)
  2 rats (D:1)
22 creatures vanquished.

Notes
Turn   | Place    | Note
-------+----------+-------------------------------------------
     0 | D:1      | HammerPanzer the Minotaur Berserker began the quest for the Orb.
     0 | D:1      | Reached XP level 1. HP: 19/19 MP: 0/0
   271 | D:1      | Reached XP level 2. HP: 27/27 MP: 1/1
   787 | D:2      | Noticed a balrug
   788 | D:2      | Found a burning altar of Makhleb.
   791 | D:2      | Found a glowing silver altar of Zin.
   791 | D:2      | Noticed an angel
   812 | D:2      | Reached XP level 3. HP: 33/33 MP: 2/2
   887 | D:2      | Found a runed door.
   891 | D:2      | Noticed Crazy Yiuf
   899 | D:2      | Slain by Crazy Yiuf

Skill      XL: |  1  2 |
---------------+-------+-----
Maces & Flails | 4 |  4.7
Fighting       | 4 |  4.1
Armour         | |  2.4
Dodging        | |  2.1

Action                   || total
-------------------------++-------
Melee: Mace              ||    46
       Headbutt          ||     7
Armor: Leather armour    ||    14
Dodge: Dodged            ||    31
